 Dungeon Crawl Stone Soup version 0.25-a0-785-gb22c70e859 (webtiles) character file.

Game seed: 17689250083722595076, levelgen mode: deterministic

24 MirrMurr the Sneak (level 2, 0/13 HPs)
             Began as a Spriggan Enchanter on Apr 17, 2020.
             Slain by a worm (6 damage)
             ... on level 2 of the Dungeon.
             The game lasted 00:02:29 (1570 turns).

MirrMurr the Sneak (Spriggan Enchanter)             Turns: 1570, Time: 00:02:30

Health: 0/13       AC:  2    Str:  4    XL:     2   Next: 79%
Magic:  1/6        EV: 18    Int: 16    God:
Gold:   77         SH:  0    Dex: 16    Spells: 3/6 levels left

rFire    . . .     SeeInvis +   a - +1 dagger
rCold    . . .     Gourm    .   (shield restricted)
rNeg     . . .     Faith    .   b - +0 robe
rPois    .         Spirit   .   (helmet restricted)
rElec    .         Reflect  .   (no cloak)
rCorr    .         Harm     .   (gloves unavailable)
MR       .....                  (boots unavailable)
Stlth    +++.......             (no amulet)
HPRegen  0.04/turn              (no ring)
MPRegen  0.10/turn              (no ring)

@: stab, very quick
A: very small, unfitting armour, see invisible, herbivore, speed 3, slow
metabolism 2
a: no special abilities


You were on level 2 of the Dungeon.
You were not hungry.

You visited 1 branch of the dungeon, and saw 4 of its levels.

You collected 77 gold pieces.

Inventory:

Hand Weapons
 a - a +1 dagger (weapon)
Missiles
 d - 88 stones (quivered)
 h - 35 sling bullets
Armour
 b - a +0 robe (worn)
Scrolls
 e - 2 scrolls of blinking
 g - a scroll of remove curse {unknown}
 i - a scroll of teleportation
 k - a scroll of amnesia {unknown}
Potions
 l - a potion of invisibility {unknown}
Comestibles
 c - 3 rations


   Skills:
 + Level 2.3 Short Blades
 - Level 3.0 Dodging
 + Level 5.4 Stealth
 - Level 2.6 Spellcasting
 - Level 3.6 Hexes


You had 3 spell levels left.
You knew the following spells:

 Your Spells              Type           Power        Failure   Level  Hunger
a - Ensorcelled Hibernat  Hex/Ice        #.....       14%         2    ##.....
C - Corona                Hex            ##.....      4%          1    #......

Your spell library contained the following spells:

 Spells                   Type           Power        Failure   Level  Hunger
 Confusing Touch          Hex            ##......     13%         3    ###....
 Tukima's Dance           Hex            ##......     13%         3    ###....
 Dazzling Flash           Conj/Hex       #.....       28%         3    ###....


Dungeon Overview and Level Annotations

Branches:
Dungeon (4/15)
 Temple: D:4-7

Altars:


Innate Abilities, Weirdness & Mutations

You are very small and have problems with some larger weapons.
You are too small for most types of armour.
You have supernaturally acute eyesight. (SInv)
You are a herbivore.
You cover ground extremely quickly.
You need to consume almost no food.


Message History

Casting: Ensorcelled Hibernation (safe; 14% risk of failure)
Confirm with . or Enter, or press ? or * to list all spells.
You don't have enough magic to cast that spell.
Unknown command.
You hit the kobold.
You kill the kobold!
You closely miss the adder. The adder barely misses you.
Casting: Ensorcelled Hibernation (safe; 14% risk of failure)
Confirm with . or Enter, or press ? or * to list all spells.
You don't have enough magic to cast that spell.
You closely miss the adder. The adder closely misses you.
You hit the adder but do no damage. The adder barely misses you.
The worm bites you.
You hit the adder.
The adder is moderately wounded.
The adder bites you.
You miss the adder.
The adder is moderately wounded.
The adder barely misses you. The worm bites you.
You die...

###
#.###########.#
#....S@w......#
#.###########.#
#.# #.# #.# #.#
######..#K#
........#S#
........#.#


You could see a worm and an adder.

Vanquished Creatures
  An adder (D:2)
  A leopard gecko (D:1)
  2 goblins (D:1)
  2 hobgoblins (D:1)
  A quokka (D:2)
  4 bats
  A frilled lizard (D:1)
  2 kobolds
  A rat (D:1)
15 creatures vanquished.

Notes
Turn   | Place    | Note
-------+----------+-------------------------------------------
     0 | D:1      | MirrMurr the Spriggan Enchanter began the quest for the
                  | Orb.
     0 | D:1      | Reached XP level 1. HP: 9/9 MP: 5/5
   773 | D:1      | Reached skill level 5 in Stealth
   773 | D:1      | Reached XP level 2. HP: 13/13 MP: 6/6
   777 | D:1      | Learned a level 2 spell: Ensorcelled Hibernation
  1356 | D:2      | You fall into a shaft and drop 2 floors!
  1356 | D:4      | Noticed an ogre
  1570 | D:2      | Slain by a worm

Levels and vault maps discovered:
D:1:      lightli_arrival_noodles, layout_loops_ring, serial_bayou,
          serial_bayou_lagoon_a, serial_bayou_pond_e, serial_bayou_lake_a,
          serial_bayou_pond_c
D:2:      layout_basic, nicolae_overflow_crystal_walls, old_standard_altar,
          feat_on_display
D:3:      layout_basic, tgw_trog, tso_oasis_becter, first_ration
D:4:      layout_rooms, corexii_corridor_pit, hangedman_decor_peaks_small,
          uniq_sigmund, uniq_ijyb

Skill      XL: |  1  2 |
---------------+-------+-----
Stealth        | 5 |  5.4
Short Blades   | 2 |  2.3
Dodging        | |  3.0
Spellcasting   | |  2.6
Hexes          | |  3.6

Action                   || total
-------------------------++-------
Melee: Dagger            ||    57
 Cast: Corona            ||     2
       Ensorcelled Hiber ||     4
  Use: Scroll            ||     2
       Potion            ||     2
 Stab: Sleeping          ||     4
Armor: Robe              ||     7
Dodge: Dodged            ||    42

Table legend:
 A = Non-vault XP
 B = Vault XP
 C = Vault XP percentage of total XP
 D = Non-vault monster count
 E = Vault monster count
 F = Vault count percentage of total count
                 A         B        C        D         E       F
            +---------+---------+-------+---------+---------+-------
      Total |      35 |       0 |   0.0 |      15 |       0 |   0.0
            +---------+---------+-------+---------+---------+-------
        D:1 |      16 |       0 |   0.0 |      10 |       0 |   0.0
        D:2 |      19 |       0 |   0.0 |       5 |       0 |   0.0
            +---------+---------+-------+---------+---------+-------
